 Dungeon Crawl Stone Soup version 0.26-a0-23-g3ae7099 (webtiles) character file.

Game seed: 4669358042208675730, levelgen mode: deterministic

9 thirtiethelement the Skirmisher (level 2, 0/29 HPs)
             Began as a Gnoll Abyssal Knight on May 27, 2020.
             Was an Initiate of Lugonu.
             Slain by a leopard gecko (4 damage)
             ... on level 1 of the Dungeon.
             The game lasted 00:01:19 (246 turns).

thirtiethelement the Skirmisher (GnAK)               Turns: 246, Time: 00:01:19

Health: 0/29       AC:  4    Str: 14    XL:     2   Next: 12%
Magic:  14/14      EV: 12    Int: 14    God:    Lugonu [......]
Gold:   5          SH:  0    Dex: 14    Spells: 1/1 levels left

rFire    . . .     SeeInvis .   e - +5 short sword
rCold    . . .     Gourm    .   (no shield)
rNeg     . . .     Faith    .   b - +0 leather armour
rPois    .         Spirit   .   (no helmet)
rElec    .         Reflect  .   (no cloak)
rCorr    .         Harm     .   d - +0 pair of gloves
MR       .....                  (no boots)
Stlth    +.........             (no amulet)
HPRegen  0.09/turn              f - ring of magical power
MPRegen  0.14/turn              (no ring)

@: no status effects
A: distributed training, fangs 1, strong nose
a: Renounce Religion


You were on level 1 of the Dungeon.
You worshipped Lugonu.
Lugonu was noncommittal.
You were not hungry.

You visited 1 branch of the dungeon, and saw 1 of its levels.
You visited the Abyss 1 time.

You collected 5 gold pieces.

Inventory:

Hand Weapons
 a - a +1 hand axe
 e - a +5 short sword (weapon)
Armour
 b - a +0 leather armour (worn)
 d - a +0 pair of gloves (worn)
Jewellery
 f - a ring of magical power (left hand)
Comestibles
 c - a ration
 g - a chunk of flesh


   Skills:
 + Level 6.4 Fighting
 + Level 0.2 Short Blades
 + Level 0.2 Long Blades
 + Level 4.4 Axes
 + Level 0.2 Maces & Flails
 + Level 0.2 Polearms
 + Level 0.2 Staves
 + Level 0.2 Slings
 + Level 0.2 Bows
 + Level 0.2 Crossbows
 + Level 0.2 Throwing
 + Level 4.4 Armour
 + Level 2.4 Dodging
 + Level 0.2 Stealth
 + Level 0.2 Shields
 + Level 0.2 Unarmed Combat
 + Level 0.2 Spellcasting
 + Level 0.1 Conjurations
 + Level 0.1 Hexes
 + Level 0.1 Charms
 + Level 0.1 Summonings
 + Level 0.1 Necromancy
 + Level 0.1 Translocations
 + Level 0.1 Transmutations
 + Level 0.1 Fire Magic
 + Level 0.1 Ice Magic
 + Level 0.1 Air Magic
 + Level 0.1 Earth Magic
 + Level 0.1 Poison Magic
 + Level 4.4 Invocations
 + Level 0.2 Evocations


You had one spell level left.
You didn't know any spells.
Your spell library was empty.

Dungeon Overview and Level Annotations

Branches:
Dungeon (1/15)

Altars:


Innate Abilities, Weirdness & Mutations

Your experience applies equally to all skills.
You have very sharp teeth.
Your uncanny sense of smell can sniff out nearby items.


Message History

Lugonu accepts your kill.
You closely miss the goblin. The goblin barely misses you.
The jackal stops to sniff the ground.
You puncture the goblin!
You kill the goblin!
Lugonu accepts your kill.
You have reached level 2!
The jackal completely misses you.
Your leather armour prevents you from hitting the jackal.
The jackal bites you but does no damage.
You closely miss the jackal. Your bite misses the jackal. The jackal bites you.
* * * LOW HITPOINT WARNING * * *
The jackal barely misses you.
You hit the jackal.
You kill the jackal!
Lugonu accepts your kill. The leopard gecko bites you.
* * * LOW HITPOINT WARNING * * *
You barely miss the leopard gecko. The leopard gecko bites you.
You die...

#.....# #.....#
#.....# #.....#
#....$# #.....#
###########.....#
#.......@llh.)†.###
#.#########g......#
######.######
####....#
##≈≈≈≈#'#≈≈≈≈##
....#
#☼○≈≈○#.#≈○°○°#
....#
#≈≈#≈≈#.#§☼#○≈#
....#
#○°☼≈≈#.#○☼≈§○#
....#
#○☼○○°#.#°○°○☼# ∆
....#
#≈☼○≈≈#<#≈○°°%#
.####


You could see a leopard gecko, a jackal, a hobgoblin and a frilled lizard.

Vanquished Creatures
  A goblin (D:1)
  A hobgoblin (D:1)
  3 jackals (D:1)
  2 frilled lizards (D:1)
  A rat (D:1)
8 creatures vanquished.

Notes
Turn   | Place    | Note
-------+----------+-------------------------------------------
     0 | Abyss:1  | thirtiethelement the Gnoll Abyssal Knight began the quest
                  | for the Orb.
     0 | Abyss:1  | Reached XP level 1. HP: 23/23 MP: 3/3
    20 | Abyss:1  | Found a stormy altar of Qazlal.
    39 | Abyss:1  | Noticed an iron imp
    42 | Abyss:1  | Noticed a raiju
    82 | Abyss:1  | Noticed a large abomination
    99 | Abyss:1  | Noticed a rakshasa
   103 | Abyss:1  | Noticed a starcursed mass
   103 | Abyss:1  | Noticed a neqoxec
   104 | D:1      | Escaped the Abyss
   242 | D:1      | Reached XP level 2. HP: 8/29 MP: 5/5
   246 | D:1      | Slain by a leopard gecko

Illustrated notes

Levels and vault maps discovered:
D:1:      saegor_arrival_miasma, layout_basic

Action                   || total
-------------------------++-------
Melee: Short sword       ||    21
Invok: Depart the Abyss  ||     1
Armor: Leather armour    ||     9
Dodge: Dodged            ||    31

Table legend:
 A = Non-vault XP
 B = Vault XP
 C = Vault XP percentage of total XP
 D = Non-vault monster count
 E = Vault monster count
 F = Vault count percentage of total count
                 A         B        C        D         E       F
            +---------+---------+-------+---------+---------+-------
      Total |      13 |       0 |   0.0 |       8 |       0 |   0.0
            +---------+---------+-------+---------+---------+-------
        D:1 |      13 |       0 |   0.0 |       8 |       0 |   0.0
            +---------+---------+-------+---------+---------+-------
